 Dungeon Crawl Stone Soup version 0.32-a0-558-g233958a4c4 (webtiles) character file.

Game seed: 9242066482474690825

552 Fodor the Chopper (level 7, 0/90 HPs)
             Began as a Minotaur Fighter on Feb 29, 2024.
             Succumbed to a killer bee's poison
             ... on level 5 of the Dungeon.
             The game lasted 00:09:25 (2859 turns).

Fodor the Chopper (Minotaur Fighter)                Turns: 2859, Time: 00:09:26

Health: 0/90       AC: 23    Str: 22    XL:     7   Next: 8%
Magic:  6/6        EV:  2    Int:  5    God:
Gold:   266        SH:  4    Dex: 10    Spells: 6/6 levels left

rFire   . . .        a - +0 war axe
rCold   . . .        c - +0 buckler
rNeg    . . .        b - melded +0 scale mail
rPois   +            (helmet currently unavailable)
rElec   .            h - melded +0 cloak
rCorr   .            (gloves currently unavailable)
SInv    .            (boots currently unavailable)
Will    .....        (no amulet)
Stlth   +            (no ring)
HPRegen 0.35/turn    (no ring)
MPRegen 0.10/turn

%: no passive effects
@: brilliant, lethally poisoned (0 -> -12), tree-form
A: stationary, stasis, torment immunity, boosted hp, (horns 2), (retaliatory
headbutt)
a: no special abilities


You were on level 5 of the Dungeon.
You were a tree.
You visited 1 branch of the dungeon, and saw 5 of its levels.

You collected 266 gold pieces.

Inventory:

Hand Weapons
 a - a +0 war axe (weapon)
Armour
 b - a +0 scale mail (melded)
 c - a +0 buckler (worn)
 h - a +0 cloak (melded)
Jewellery
 n - a ring of protection from fire
Wands
 p - a wand of digging (5)
 r - a wand of flame (18)
 s - a wand of light (14)
Scrolls
 e - a scroll of immolation {unknown}
 f - 2 scrolls of fog {unknown}
 i - 2 scrolls of identify {unknown}
 j - 3 scrolls of fear {unknown}
 m - a scroll of acquirement {unknown}
 o - a scroll of enchant weapon {unknown}
Potions
 q - a potion of haste {unknown}


   Skills:
 + Level 4.8 Fighting
 + Level 6.3 Axes
 + Level 6.0 Armour
 + Level 1.5 Dodging
 + Level 0.2 Stealth
 + Level 4.6 Shields


You had 6 spell levels left.
You didn't know any spells.
Your spell library contained the following spells:

 Spells                   Type           Power      Damage    Failure   Level
 Blink                    Tloc           0%         N/A       67%         2
 Ensorcelled Hibernation  Hex/Ice        0%         N/A       67%         2
 Lesser Beckoning         Tloc           0%         N/A       67%         2
 Momentum Strike          Conj/Tloc      0%         3d8       67%         2
 Passwall                 Erth           0%         N/A       88%         3
 Swiftness                Air            0%         N/A       88%         3


Dungeon Overview and Level Annotations

Branches:
Dungeon (5/15)
 Temple: D:4-7

Altars:
Nemelex Xobeh
Uskayaw
Wu Jian

Annotations:
D:2 1 runed translucent door, Crazy Yiuf


Innate Abilities, Weirdness & Mutations

You are a tree.
Your roots penetrate the ground, keeping you stationary.
You cannot be teleported.
You are immune to unholy pain and torment.
Your maximum health is greatly increased.
Your equipment is partially melded.
((You have a pair of horns on your head.))
((You reflexively headbutt those who attack you in melee.))


Message History

Your roots penetrate the ground.
You feel sick.
The killer bee stings you but does no damage. x2
You miss the killer bee.
The killer bee is almost dead.
You feel sick. The killer bee stings you.
* * * LOW HITPOINT WARNING * * *
You are more poisoned.
The killer bee poisons you!
The killer bee stings you but does no damage.
You barely miss the killer bee.
The killer bee is almost dead.
* * * LOW HITPOINT WARNING * * *
You feel very sick.
The killer bee stings you but does no damage. x2
You closely miss the killer bee.
The killer bee is almost dead.
* * * LOW HITPOINT WARNING * * *
You feel very sick. You block the killer bee's attack.
The killer bee stings you but does no damage. x2
You closely miss the killer bee.
The killer bee is almost dead.
You feel sick.
The killer bee stings you but does no damage. x2
You closely miss the killer bee.
The killer bee is almost dead.
You feel sick.
The killer bee stings you but does no damage. x2
You miss the killer bee.
The killer bee is severely wounded.
You feel sick.
The killer bee stings you but does no damage.
The killer bee stings you.
* * * LOW HITPOINT WARNING * * *
You are more poisoned.
The killer bee poisons you!
The killer bee stings you but does no damage.
It was a potion of brilliance.
You feel clever all of a sudden.
You die...

############
#..........#
#..........#
#..........#
#..........#
##.#######.# #.#
#♣# #.# #y# #.#
#y# #.# #.# #.#
#.. #.# ### #.#
#.##############
#..............#


You could see 2 killer bees.

Vanquished Creatures
  A black bear (D:4)
  4 killer bees (D:5)
  2 hounds (D:4)
  Terence (D:2)
  An iguana (D:4)
  9 adders
  3 dart slugs
  A ribbon worm (D:2)
  4 orcs
  2 bats (D:2)
  5 endoplasms
  4 giant cockroaches
  2 goblins (D:4)
  3 hobgoblins
  13 jackals
  15 kobolds
  3 quokkas
  5 ball pythons
  A frilled lizard (D:1)
  8 rats
87 creatures vanquished.

Notes
Turn   | Place    | Note
-------+----------+-------------------------------------------
     0 | D:1      | Fodor the Minotaur Fighter began the quest for the Orb.
     0 | D:1      | Reached XP level 1. HP: 19/19 MP: 0/0
    87 | D:1      | Reached XP level 2. HP: 27/27 MP: 1/1
   558 | D:1      | Reached XP level 3. HP: 30/33 MP: 2/2
   692 | D:2      | Noticed Terence
   718 | D:2      | Killed Terence
   863 | D:2      | Reached XP level 4. HP: 31/40 MP: 3/3
   945 | D:2      | Found an ornate altar of the Wu Jian Council.
  1082 | D:2      | Found a runed translucent door.
  1083 | D:2      | Noticed Crazy Yiuf
  1268 | D:2      | Found a faded altar of an unknown god.
  1555 | D:3      | Reached XP level 5. HP: 39/46 MP: 4/4
  1696 | D:3      | Found a hide-covered altar of Uskayaw.
  1710 | D:3      | Found a sparkling altar of Nemelex Xobeh.
  2017 | D:4      | Noticed a black bear
  2035 | D:4      | Killed a black bear
  2036 | D:4      | Reached skill level 5 in Axes
  2036 | D:4      | Reached skill level 5 in Armour
  2162 | D:4      | Reached XP level 6. HP: 53/53 MP: 5/5
  2572 | D:4      | Reached skill level 1 in Dodging
  2774 | D:5      | Entered Level 5 of the Dungeon
  2849 | D:5      | Reached XP level 7. HP: 26/60 MP: 6/6
  2858 | D:5      | HP: 3/90 [killer bee (2)]
  2859 | D:5      | Succumbed to a killer bee's poison

Illustrated notes

Levels and vault maps discovered:
D:1:      dpeg_arrival_refuge, layout_loops_ring
D:2:      layout_rooms, basic_altar, chequers_ecumenical_altar_grove,
          uniq_crazy_yiuf_cottage, uniq_terence
D:3:      layout_rooms, nicolae_overflow_hidden_temple
D:4:      layout_loops_ring
D:5:      layout_basic, nicolae_underground_beach

Skill      XL: |  1  2  3  4  5  6 |
---------------+-------------------+-----
Fighting       | 4 |  4.8
Armour         | 4 5 6 |  6.0
Shields        | 4 |  4.6
Axes           | 3 4 5 6 |  6.3
Dodging        | 1 |  1.5
Stealth        | |  0.2

Action                     |  1- 3 |  4- 6 |  7- 9 || total
---------------------------+-------+-------+-------++-------
  Melee: War axe           |    66 |   146 |     9 ||   221
         Headbutt          |    12 |    15 |       ||    27
    Use: Potion            |       |     4 |     2 ||     6
 Armour: Scale mail        |    46 |   145 |     3 ||   194
         Skin              |       |       |    15 ||    15
  Dodge: Dodged            |    28 |    82 |     3 ||   113
  Block: Buckler           |    15 |    43 |     3 ||    61

Table legend: (Time is in decaauts)
 A = Elapsed time spent in this place.
 B = Non-inter-level travel time spent in this place.
 C = Inter-level travel time spent in this place.
 D = Time resting spent in this place.
 E = Time spent auto-exploring this place.
 F = Levels seen in this place.
 G = Mean time per level.
                   A        B        C        D        E       F      G
               +--------+--------+--------+--------+--------+-----+--------+
         Total |   2928 |   2827 |    101 |      4 |   1886 |   5 |  585.6 |
       Dungeon |   2928 |   2827 |    101 |      4 |   1886 |   5 |  585.6 |
               +--------+--------+--------+--------+--------+-----+--------+

Top non-repeatable levels by time:
     D:4: 859 daAuts
     D:2: 738 daAuts
     D:1: 701 daAuts
     D:3: 535 daAuts
     D:5: 93 daAuts
